[ AOE2 MATCH · #471468130 ]
UnrankedHindustanis vs Dravidians
[ REPLAY ANALYSIS · EXTRACTED FROM THE RECORDED GAME ]
Feudal
12:28
Castle
19:40
Imperial
36:58
| APM avg | 41.7 |
| APM peak | 113 |
| eAPM avg | 31.3 |
| Villagers / military | 186 / 367 |
Focus
⚔️ 27.7% · 🌾 72.3%
Ghulam ×355 · Fishing Ship ×10 · Monk ×4 · Unknown (2626) ×4 · Trebuchet (Packed) ×4 · Petard ×2
Feudal
13:34
Castle
18:34
Imperial
32:11
| APM avg | 47.9 |
| APM peak | 78 |
| eAPM avg | 32.2 |
| Villagers / military | 180 / 228 |
Focus
⚔️ 36.6% · 🌾 63.4%
Unknown (882) ×154 · Elephant Archer ×116 · Scout Cavalry ×75 · Fishing Ship ×24 · Armored Elephant ×16 · Unknown (2626) ×14
Feudal
12:26
Castle
21:30
Imperial
41:33
| APM avg | 30.3 |
| APM peak | 54 |
| eAPM avg | 16.6 |
| Villagers / military | 205 / 295 |
Focus
⚔️ 36.9% · 🌾 63.1%
Skirmisher ×147 · Kamayuk ×57 · Unknown (882) ×39 · Galley ×38 · Petard ×38 · Unknown (2626) ×20
Feudal
13:51
Castle
25:58
Imperial
44:35
| APM avg | 40.9 |
| APM peak | 92 |
| eAPM avg | 22.4 |
| Villagers / military | 156 / 79 |
Focus
⚔️ 44.4% · 🌾 55.6%
Scout Cavalry ×25 · Genoese Crossbowman ×23 · Fishing Ship ×15 · Galley ×11 · Fire Galley ×10 · Unknown (2626) ×6
Feudal
14:55
Castle
18:50
Imperial
36:54
| APM avg | 35.2 |
| APM peak | 71 |
| eAPM avg | 23.0 |
| Villagers / military | 284 / 382 |
Focus
⚔️ 43.1% · 🌾 56.9%
Woad Raider ×225 · Spearman ×107 · Scorpion ×28 · Fire Galley ×13 · Fishing Ship ×12 · Mangonel ×5
Feudal
13:18
Castle
23:06
Imperial
50:45
| APM avg | 47.8 |
| APM peak | 73 |
| eAPM avg | 23.0 |
| Villagers / military | 123 / 274 |
Focus
⚔️ 44.6% · 🌾 55.4%
Bolas Rider ×114 · Skirmisher ×75 · Unknown (2626) ×71 · Spearman ×45 · Galley ×17 · Fishing Ship ×11
Feudal
13:27
Castle
17:25
Imperial
44:46
| APM avg | 41.8 |
| APM peak | 98 |
| eAPM avg | 23.1 |
| Villagers / military | 160 / 334 |
Focus
⚔️ 36.7% · 🌾 63.3%
Scout Cavalry ×182 · Ratha (Ranged) ×131 · Fishing Ship ×10 · Galley ×6 · Mangonel ×5 · Skirmisher ×3
Feudal
13:44
Castle
17:05
Imperial
35:46
| APM avg | 68.3 |
| APM peak | 142 |
| eAPM avg | 44.2 |
| Villagers / military | 174 / 543 |
Focus
⚔️ 51.7% · 🌾 48.3%
Karambit Warrior ×200 · Skirmisher ×154 · Fishing Ship ×64 · Galley ×62 · Spearman ×42 · Archer ×36
Match map
Initial resources + every placement click. Lines = walls · curves = elevation contours. ◆ gold · ⬟ stone · ● berries · ✦ relic · ◌ wall gap
Your base
Aleko's base· Open — 4t gap
golden canine's base· Open — 8t gap
GAX | toasty's base· Open — 6t gap
Kebek's base· Open — 14t gap
OhSheeep's base
lukewarmweeb's base· Open — 4t gap
Varrus's base· Open — 9t gap
Smoothed initial terrain · ◌ = detected wall gap · hover for details
Inputs per minute
— Papitasx - - Aleko
Build order — Papitasx
First 150 of 759 actions detected
| 0:08 | Build | Town Center |
| 0:55 | Build | Dock |
| 0:57 | Build | House |
| 2:32 | Create | Villager (Male) |
| 2:32 | Create | Villager (Male) |
| 2:32 | Create | Villager (Male) |
| 2:33 | Create | Villager (Male) |
| 3:14 | Create | Villager (Male) |
| 3:41 | Create | Fishing Ship |
| 4:01 | Build | House |
| 4:26 | Create | Villager (Male) |
| 5:00 | Create | Villager (Male) |
| 5:00 | Create | Villager (Male) |
| 5:14 | Create | Villager (Male) |
| 5:14 | Create | Villager (Male) |
| 5:29 | Create | Villager (Male) |
| 5:29 | Create | Villager (Male) |
| 5:30 | Create | Fishing Ship |
| 5:31 | Create | Fishing Ship |
| 5:56 | Build | House |
| 6:01 | Create | Villager (Male) |
| 6:02 | Create | Villager (Male) |
| 6:18 | Create | Villager (Male) |
| 6:23 | Create | Fishing Ship |
| 6:24 | Create | Fishing Ship |
| 6:40 | Create | Villager (Male) |
| 6:46 | Build | House |
| 6:58 | Create | Villager (Male) |
| 7:12 | Create | Fishing Ship |
| 7:35 | Create | Villager (Male) |
| 7:39 | Create | Fishing Ship |
| 7:40 | Create | Fishing Ship |
| 7:44 | Create | Villager (Male) |
| 7:56 | Create | Villager (Male) |
| 8:17 | Create | Villager (Male) |
| 8:22 | Create | Fishing Ship |
| 8:45 | Build | House |
| 8:55 | Build | Mining Camp |
| 8:57 | Create | Villager (Male) |
| 9:19 | Create | Fishing Ship |
| 9:53 | Research | Loom |
| 10:10 | Build | Lumber Camp |
| 10:13 | Research | Feudal Age |
| 10:51 | Create | Villager (Male) |
| 10:59 | Build | Dock |
| 11:42 | Build | Barracks |
| 11:53 | Create | Villager (Male) |
| 12:28 | Age | Feudal Age |
| 12:31 | Create | Unit 2626 |
| 12:32 | Create | Unit 2626 |
| 12:34 | Research | Double-Bit Axe |
| 12:35 | Create | Villager (Male) |
| 12:40 | Build | House |
| 12:45 | Research | Town Watch |
| 12:46 | Create | Villager (Male) |
| 13:17 | Create | Unit 2626 |
| 13:17 | Create | Unit 2626 |
| 13:19 | Create | Villager (Male) |
| 13:41 | Create | Villager (Male) |
| 13:51 | Build | Blacksmith |
| 13:53 | Create | Villager (Male) |
| 14:04 | Create | Fire Galley |
| 14:04 | Create | Fire Galley |
| 14:22 | Research | Wheelbarrow |
| 14:25 | Build | House |
| 14:28 | Create | Villager (Male) |
| 14:58 | Build | Mill |
| 15:15 | Create | Villager (Male) |
| 15:23 | Build | House |
| 15:47 | Create | Villager (Male) |
| 15:51 | Build | Market |
| 16:35 | Build | Mining Camp |
| 17:00 | Research | Castle Age |
| 17:00 | Research | Castle Age |
| 17:09 | Build | Palisade Wall |
| 17:32 | Research | Stone Mining |
| 17:37 | Build | Palisade Wall |
| 19:09 | Create | Villager (Male) |
| 19:40 | Age | Castle Age |
| 19:51 | Build | Castle |
| 19:54 | Create | Villager (Male) |
| 19:57 | Research | Bow Saw |
| 19:59 | Research | Horse Collar |
| 20:20 | Create | Villager (Male) |
| 20:23 | Research | War Galley (upgrade) |
| 20:42 | Build | Farm |
| 20:43 | Build | Farm |
| 20:44 | Build | Farm |
| 20:45 | Build | Farm |
| 21:11 | Create | Villager (Male) |
| 21:13 | Build | Farm |
| 21:42 | Build | Farm |
| 21:45 | Build | Farm |
| 22:01 | Create | Villager (Male) |
| 22:04 | Build | Farm |
| 22:16 | Create | Ghulam |
| 22:16 | Create | Ghulam |
| 22:34 | Build | Farm |
| 22:35 | Build | Farm |
| 22:36 | Build | Farm |
| 22:37 | Build | Farm |
| 22:39 | Create | Villager (Male) |
| 22:40 | Create | Ghulam |
| 22:41 | Create | Ghulam |
| 22:58 | Build | Lumber Camp |
| 23:00 | Create | Ghulam |
| 23:04 | Create | Ghulam |
| 23:05 | Create | Ghulam |
| 23:11 | Create | Villager (Male) |
| 23:17 | Build | Farm |
| 23:18 | Build | Farm |
| 23:23 | Build | Monastery |
| 23:23 | Create | Ghulam |
| 23:24 | Create | Ghulam |
| 23:36 | Build | Farm |
| 23:50 | Build | Farm |
| 23:54 | Research | Arson |
| 23:56 | Create | Ghulam |
| 23:56 | Create | Ghulam |
| 23:56 | Create | Ghulam |
| 24:13 | Build | Farm |
| 24:22 | Create | Monk |
| 24:38 | Create | Villager (Male) |
| 24:43 | Create | Ghulam |
| 24:43 | Create | Ghulam |
| 24:55 | Research | Scale Mail Armor |
| 25:02 | Create | Villager (Male) |
| 25:05 | Create | Ghulam |
| 25:05 | Create | Ghulam |
| 25:13 | Create | Petard |
| 25:25 | Research | Squires |
| 25:26 | Create | Villager (Male) |
| 25:30 | Build | Town Center |
| 25:32 | Create | Villager (Male) |
| 25:41 | Create | Ghulam |
| 25:41 | Create | Ghulam |
| 25:41 | Create | Ghulam |
| 25:45 | Create | Ghulam |
| 25:45 | Create | Ghulam |
| 26:08 | Create | Villager (Male) |
| 26:17 | Create | Petard |
| 26:28 | Create | Villager (Male) |
| 26:30 | Research | Gold Mining |
| 26:30 | Research | Gold Mining |
| 26:43 | Create | Villager (Male) |
| 26:48 | Create | Ghulam |
| 26:53 | Create | Ghulam |
| 26:54 | Create | Ghulam |
| 26:54 | Create | Ghulam |
| 27:00 | Create | Villager (Male) |
Build order — Aleko
First 150 of 714 actions detected
| 0:12 | Build | Town Center |
| 0:32 | Build | Dock |
| 2:29 | Create | Villager (Male) |
| 2:29 | Create | Villager (Male) |
| 2:29 | Create | Villager (Male) |
| 2:30 | Create | Villager (Male) |
| 3:14 | Create | Villager (Male) |
| 3:17 | Create | Fishing Ship |
| 4:18 | Build | House |
| 4:34 | Create | Villager (Male) |
| 4:57 | Create | Villager (Male) |
| 5:21 | Research | Loom |
| 5:28 | Create | Villager (Male) |
| 5:28 | Create | Villager (Male) |
| 5:31 | Create | Fishing Ship |
| 5:40 | Build | House |
| 5:54 | Create | Villager (Male) |
| 5:55 | Create | Villager (Male) |
| 6:18 | Create | Villager (Male) |
| 6:40 | Create | Villager (Male) |
| 6:42 | Create | Fishing Ship |
| 6:48 | Build | House |
| 7:14 | Create | Villager (Male) |
| 7:14 | Create | Villager (Male) |
| 7:28 | Create | Fishing Ship |
| 7:30 | Create | Villager (Male) |
| 7:30 | Create | Villager (Male) |
| 7:59 | Create | Fishing Ship |
| 8:02 | Create | Villager (Male) |
| 8:02 | Create | Villager (Male) |
| 8:20 | Build | House |
| 8:22 | Build | Palisade Wall |
| 8:34 | Create | Fishing Ship |
| 8:34 | Create | Villager (Male) |
| 9:02 | Create | Villager (Male) |
| 9:10 | Create | Villager (Male) |
| 9:24 | Create | Fishing Ship |
| 9:26 | Create | Villager (Male) |
| 9:48 | Build | Mining Camp |
| 10:04 | Create | Villager (Male) |
| 10:17 | Create | Villager (Male) |
| 10:44 | Build | House |
| 11:10 | Build | Lumber Camp |
| 11:14 | Build | Dock |
| 11:20 | Research | Feudal Age |
| 11:20 | Research | Feudal Age |
| 12:12 | Build | House |
| 12:35 | Create | Villager (Male) |
| 12:36 | Create | Fishing Ship |
| 13:05 | Build | Palisade Wall |
| 13:10 | Build | Palisade Wall |
| 13:26 | Build | Palisade Wall |
| 13:28 | Build | Palisade Wall |
| 13:34 | Age | Feudal Age |
| 13:37 | Create | Villager (Male) |
| 13:40 | Build | Blacksmith |
| 13:45 | Create | Unit 2626 |
| 13:58 | Create | Fishing Ship |
| 14:06 | Build | Mill |
| 14:08 | Create | Villager (Male) |
| 14:27 | Create | Unit 2626 |
| 14:28 | Create | Villager (Male) |
| 15:04 | Create | Unit 2626 |
| 15:05 | Create | Villager (Male) |
| 15:16 | Build | Market |
| 15:41 | Create | Fishing Ship |
| 15:45 | Create | Villager (Male) |
| 15:52 | Build | Mining Camp |
| 15:54 | Research | Castle Age |
| 15:54 | Research | Castle Age |
| 16:00 | Create | Unit 2626 |
| 16:04 | Create | Fishing Ship |
| 16:06 | Research | Double-Bit Axe |
| 16:06 | Research | Double-Bit Axe |
| 16:32 | Create | Unit 2626 |
| 16:39 | Create | Fishing Ship |
| 16:44 | Research | Tech 906 |
| 17:01 | Create | Unit 2626 |
| 17:39 | Create | Unit 2626 |
| 17:43 | Create | Fishing Ship |
| 17:45 | Create | Villager (Male) |
| 17:45 | Create | Villager (Male) |
| 18:03 | Create | Fishing Ship |
| 18:14 | Create | Unit 2626 |
| 18:30 | Create | Fishing Ship |
| 18:34 | Age | Castle Age |
| 18:38 | Build | Town Center |
| 18:43 | Research | Bow Saw |
| 18:43 | Research | Bow Saw |
| 19:12 | Create | Unit 2626 |
| 19:15 | Create | Villager (Male) |
| 19:16 | Create | Villager (Male) |
| 19:53 | Create | Villager (Male) |
| 20:08 | Build | House |
| 20:12 | Build | House |
| 20:13 | Create | Villager (Male) |
| 20:14 | Create | Villager (Male) |
| 20:22 | Create | Fishing Ship |
| 20:28 | Build | Dock |
| 20:31 | Create | Villager (Male) |
| 20:32 | Create | Villager (Male) |
| 20:42 | Build | Town Center |
| 20:51 | Build | Town Center |
| 20:56 | Create | Villager (Male) |
| 21:20 | Research | Loom |
| 21:21 | Create | Villager (Male) |
| 21:21 | Create | Villager (Male) |
| 21:21 | Create | Villager (Male) |
| 21:25 | Build | Lumber Camp |
| 21:37 | Build | Lumber Camp |
| 21:44 | Create | Fishing Ship |
| 22:09 | Create | Villager (Male) |
| 22:09 | Create | Villager (Male) |
| 22:10 | Create | Villager (Male) |
| 22:29 | Create | Villager (Male) |
| 22:29 | Create | Villager (Male) |
| 22:30 | Create | Villager (Male) |
| 22:32 | Create | Fishing Ship |
| 22:36 | Create | Fishing Ship |
| 22:39 | Research | Gillnets |
| 22:39 | Research | Gillnets |
| 22:55 | Build | Monastery |
| 23:17 | Create | Villager (Male) |
| 23:18 | Create | Villager (Male) |
| 23:18 | Create | Villager (Male) |
| 23:22 | Research | Wheelbarrow |
| 23:32 | Create | Fishing Ship |
| 23:35 | Create | Fishing Ship |
| 23:36 | Build | House |
| 23:37 | Create | Villager (Male) |
| 23:42 | Create | Monk |
| 23:56 | Build | House |
| 23:57 | Research | Horse Collar |
| 24:00 | Build | Farm |
| 24:00 | Build | Farm |
| 24:00 | Build | Farm |
| 24:01 | Build | Farm |
| 24:07 | Create | Villager (Male) |
| 24:19 | Build | Farm |
| 24:19 | Build | Farm |
| 24:20 | Build | Farm |
| 24:22 | Build | Farm |
| 24:24 | Build | Farm |
| 24:32 | Create | Villager (Male) |
| 24:32 | Create | Villager (Male) |
| 24:32 | Create | Villager (Male) |
| 24:38 | Build | House |
| 24:46 | Create | Villager (Male) |
| 24:49 | Create | Villager (Male) |
| 24:54 | Build | Farm |
Build order — golden canine
First 150 of 593 actions detected
| 0:03 | Build | Town Center |
| 0:34 | Build | Dock |
| 0:37 | Build | House |
| 2:28 | Create | Villager (Male) |
| 2:29 | Create | Villager (Male) |
| 2:29 | Create | Villager (Male) |
| 2:29 | Create | Villager (Male) |
| 3:38 | Create | Fishing Ship |
| 3:38 | Create | Fishing Ship |
| 3:39 | Create | Villager (Male) |
| 3:39 | Create | Villager (Male) |
| 4:18 | Research | Loom |
| 4:27 | Create | Fishing Ship |
| 5:04 | Create | Villager (Male) |
| 5:20 | Create | Fishing Ship |
| 5:33 | Create | Villager (Male) |
| 5:34 | Create | Villager (Male) |
| 5:56 | Create | Villager (Male) |
| 5:56 | Create | Villager (Male) |
| 6:10 | Create | Fishing Ship |
| 6:10 | Create | Fishing Ship |
| 6:31 | Create | Villager (Male) |
| 6:31 | Create | Villager (Male) |
| 6:48 | Create | Villager (Male) |
| 6:48 | Create | Villager (Male) |
| 6:48 | Create | Villager (Male) |
| 6:51 | Create | Fishing Ship |
| 6:51 | Create | Fishing Ship |
| 7:07 | Create | Villager (Male) |
| 7:08 | Create | Villager (Male) |
| 7:16 | Build | House |
| 7:35 | Create | Villager (Male) |
| 7:35 | Create | Villager (Male) |
| 7:52 | Create | Villager (Male) |
| 7:52 | Create | Villager (Male) |
| 7:53 | Create | Villager (Male) |
| 7:54 | Create | Fishing Ship |
| 8:12 | Create | Villager (Male) |
| 8:12 | Create | Villager (Male) |
| 8:39 | Create | Villager (Male) |
| 8:57 | Build | Settlement |
| 9:23 | Create | Fishing Ship |
| 10:13 | Research | Feudal Age |
| 10:38 | Build | Dock |
| 11:34 | Build | Dock |
| 12:26 | Age | Feudal Age |
| 12:27 | Research | Tech 906 |
| 12:29 | Create | Galley |
| 12:29 | Create | Galley |
| 12:30 | Create | Villager (Male) |
| 12:30 | Create | Villager (Male) |
| 12:34 | Research | Double-Bit Axe |
| 12:47 | Create | Fishing Ship |
| 12:52 | Create | Villager (Male) |
| 13:18 | Create | Galley |
| 13:19 | Create | Galley |
| 13:28 | Create | Villager (Male) |
| 13:39 | Build | Settlement |
| 13:44 | Create | Galley |
| 13:54 | Create | Villager (Male) |
| 14:05 | Create | Galley |
| 14:19 | Create | Villager (Male) |
| 14:20 | Create | Villager (Male) |
| 14:20 | Research | Town Watch |
| 14:34 | Create | Villager (Male) |
| 14:35 | Create | Galley |
| 14:35 | Create | Galley |
| 14:52 | Create | Galley |
| 15:14 | Create | Villager (Male) |
| 15:28 | Build | Blacksmith |
| 15:37 | Create | Galley |
| 16:00 | Create | Galley |
| 16:09 | Create | Galley |
| 16:10 | Create | Villager (Male) |
| 16:10 | Create | Villager (Male) |
| 16:34 | Create | Villager (Male) |
| 16:39 | Create | Galley |
| 16:40 | Create | Villager (Male) |
| 16:48 | Build | Market |
| 16:49 | Research | Fletching |
| 17:51 | Create | Unit 2626 |
| 17:51 | Create | Unit 2626 |
| 18:17 | Build | House |
| 18:37 | Create | Galley |
| 18:39 | Create | Unit 2626 |
| 18:50 | Research | Castle Age |
| 18:50 | Research | Castle Age |
| 19:03 | Create | Galley |
| 19:20 | Create | Unit 2626 |
| 19:29 | Build | House |
| 19:32 | Build | Barracks |
| 19:55 | Create | Unit 2626 |
| 19:55 | Create | Unit 2626 |
| 20:08 | Research | Gold Mining |
| 20:12 | Create | Galley |
| 20:28 | Build | Settlement |
| 20:50 | Create | Unit 2626 |
| 20:50 | Create | Unit 2626 |
| 20:59 | Create | Villager (Male) |
| 21:04 | Research | Horse Collar |
| 21:30 | Age | Castle Age |
| 21:48 | Research | War Galley (upgrade) |
| 22:01 | Build | Town Center |
| 22:16 | Create | Galley |
| 22:16 | Create | Galley |
| 22:17 | Create | Villager (Male) |
| 22:17 | Create | Villager (Male) |
| 22:27 | Build | Farm |
| 22:28 | Build | Farm |
| 22:53 | Research | Bodkin Arrow |
| 23:29 | Create | Galley |
| 23:29 | Create | Galley |
| 23:45 | Create | Galley |
| 23:46 | Create | Galley |
| 24:13 | Create | Galley |
| 24:19 | Create | Villager (Male) |
| 24:20 | Create | Villager (Male) |
| 24:20 | Create | Villager (Male) |
| 24:20 | Create | Villager (Male) |
| 24:24 | Build | Town Center |
| 24:30 | Create | Villager (Male) |
| 24:30 | Create | Villager (Male) |
| 24:37 | Create | Villager (Male) |
| 24:37 | Create | Villager (Male) |
| 24:54 | Create | Galley |
| 25:06 | Research | Bow Saw |
| 25:22 | Create | Galley |
| 25:25 | Create | Villager (Male) |
| 25:26 | Create | Villager (Male) |
| 25:42 | Create | Fire Galley |
| 25:42 | Create | Fire Galley |
| 25:45 | Create | Villager (Male) |
| 25:46 | Create | Villager (Male) |
| 25:46 | Create | Villager (Male) |
| 25:53 | Build | Settlement |
| 26:01 | Create | Villager (Male) |
| 26:01 | Create | Villager (Male) |
| 26:11 | Create | Villager (Male) |
| 26:11 | Create | Villager (Male) |
| 26:17 | Create | Galley |
| 26:35 | Create | Galley |
| 26:35 | Create | Galley |
| 27:01 | Create | Galley |
| 27:02 | Create | Galley |
| 27:02 | Create | Galley |
| 27:14 | Create | Galley |
| 27:16 | Create | Villager (Male) |
| 27:17 | Create | Villager (Male) |
| 27:17 | Create | Villager (Male) |
| 27:17 | Create | Villager (Male) |
Build order — GAX | toasty
First 150 of 454 actions detected
| 0:14 | Build | Town Center |
| 0:44 | Build | Dock |
| 0:50 | Build | Palisade Wall |
| 0:51 | Build | Palisade Wall |
| 2:31 | Create | Villager (Male) ×4 |
| 2:31 | Create | Villager (Male) ×4 |
| 3:29 | Create | Fishing Ship |
| 3:41 | Create | Villager (Male) |
| 4:11 | Build | House |
| 4:49 | Research | Loom |
| 4:52 | Create | Villager (Male) |
| 4:52 | Create | Villager (Male) |
| 4:56 | Create | Fishing Ship |
| 5:18 | Create | Villager (Male) |
| 5:18 | Create | Villager (Male) |
| 5:19 | Create | Villager (Male) |
| 5:47 | Create | Villager (Male) |
| 5:55 | Build | House |
| 6:05 | Create | Villager (Male) |
| 6:22 | Create | Fishing Ship |
| 6:37 | Create | Villager (Male) |
| 6:58 | Build | House |
| 7:03 | Create | Villager (Male) |
| 7:13 | Build | House |
| 7:18 | Build | House |
| 7:23 | Create | Villager (Male) |
| 7:36 | Create | Villager (Male) |
| 7:50 | Create | Villager (Male) |
| 7:51 | Create | Fishing Ship |
| 8:16 | Create | Villager (Male) |
| 8:19 | Create | Fishing Ship |
| 8:34 | Create | Villager (Male) |
| 8:54 | Build | Palisade Wall |
| 9:01 | Build | Dock |
| 9:13 | Create | Villager (Male) |
| 9:34 | Create | Fishing Ship |
| 9:37 | Create | Villager (Male) |
| 9:39 | Build | House |
| 9:42 | Create | Fishing Ship |
| 10:10 | Build | Palisade Wall |
| 10:13 | Build | Palisade Wall |
| 10:25 | Create | Villager (Male) |
| 10:29 | Create | Fishing Ship |
| 10:30 | Create | Fishing Ship |
| 10:32 | Create | Villager (Male) |
| 10:49 | Build | Lumber Camp |
| 10:54 | Create | Villager (Male) |
| 11:13 | Build | House |
| 11:19 | Build | House |
| 11:29 | Build | House |
| 11:41 | Research | Feudal Age |
| 11:41 | Research | Feudal Age |
| 11:59 | Build | Palisade Wall |
| 12:22 | Build | Dock |
| 12:31 | Build | Mining Camp |
| 13:06 | Build | Outpost |
| 13:21 | Build | Outpost |
| 13:25 | Create | Villager (Male) |
| 13:25 | Create | Villager (Male) |
| 13:50 | Create | Villager (Male) |
| 13:51 | Age | Feudal Age |
| 13:53 | Research | Tech 906 |
| 14:00 | Create | Unit 2626 |
| 14:00 | Create | Unit 2626 |
| 14:01 | Create | Unit 2626 |
| 14:15 | Create | Villager (Male) |
| 14:16 | Research | Double-Bit Axe |
| 14:17 | Research | Town Watch |
| 14:29 | Research | Tech 906 |
| 14:33 | Create | Villager (Male) |
| 14:41 | Research | Loom |
| 14:44 | Create | Villager (Male) |
| 14:49 | Build | Outpost |
| 14:55 | Create | Unit 2626 |
| 14:55 | Create | Unit 2626 |
| 14:55 | Create | Unit 2626 |
| 14:59 | Build | Dock |
| 15:10 | Create | Villager (Male) |
| 15:41 | Create | Villager (Male) |
| 15:42 | Create | Villager (Male) |
| 15:47 | Research | Tech 906 |
| 15:51 | Create | Villager (Male) |
| 15:59 | Build | Outpost |
| 16:02 | Build | Outpost |
| 16:22 | Create | Galley |
| 16:22 | Create | Galley |
| 16:22 | Create | Galley |
| 16:31 | Create | Villager (Male) |
| 16:47 | Build | Watch Tower |
| 16:52 | Build | Barracks |
| 16:59 | Create | Villager (Male) |
| 17:14 | Create | Spearman |
| 17:14 | Create | Spearman |
| 17:23 | Create | Villager (Male) |
| 17:27 | Build | Mining Camp |
| 17:34 | Create | Spearman |
| 17:43 | Create | Villager (Male) |
| 17:52 | Create | Villager (Male) |
| 18:04 | Build | House |
| 18:05 | Build | House |
| 18:17 | Create | Villager (Male) |
| 18:30 | Build | Watch Tower |
| 18:33 | Create | Spearman |
| 18:34 | Create | Villager (Male) |
| 18:37 | Build | House |
| 18:40 | Build | House |
| 19:06 | Create | Villager (Male) |
| 19:18 | Build | Lumber Camp |
| 19:33 | Create | Galley |
| 19:34 | Create | Galley |
| 19:34 | Create | Galley |
| 19:50 | Create | Villager (Male) |
| 20:09 | Create | Villager (Male) |
| 20:29 | Build | Mill |
| 20:33 | Create | Villager (Male) |
| 20:41 | Build | Dock |
| 20:45 | Create | Fishing Ship |
| 20:45 | Create | Fishing Ship |
| 20:45 | Create | Fishing Ship |
| 20:58 | Create | Fishing Ship |
| 20:59 | Create | Fishing Ship |
| 20:59 | Create | Fishing Ship |
| 21:02 | Create | Villager (Male) |
| 21:10 | Build | Stone Wall |
| 21:13 | Create | Villager (Male) |
| 21:37 | Build | Market |
| 22:07 | Build | Stone Wall |
| 22:20 | Create | Galley |
| 22:20 | Create | Galley |
| 22:20 | Create | Galley |
| 22:20 | Create | Galley |
| 22:33 | Build | Blacksmith |
| 22:44 | Build | Stone Wall |
| 22:51 | Create | Villager (Male) |
| 22:53 | Build | Farm |
| 22:53 | Build | Farm |
| 22:54 | Build | Farm |
| 22:54 | Build | Farm |
| 23:17 | Create | Galley |
| 23:18 | Research | Castle Age |
| 23:18 | Research | Castle Age |
| 23:27 | Build | Mining Camp |
| 23:40 | Build | Building 673 |
| 23:47 | Build | Stone Wall |
| 23:48 | Build | Stone Wall |
| 23:49 | Build | Stone Wall |
| 23:55 | Research | Stone Mining |
| 23:57 | Create | Villager (Male) |
| 24:06 | Build | Stone Wall |
| 24:07 | Build | Stone Wall |
Build order — Kebek
First 150 of 849 actions detected
| 0:10 | Build | Town Center |
| 0:27 | Build | Dock |
| 2:37 | Create | Villager (Male) |
| 2:37 | Create | Villager (Male) |
| 2:37 | Create | Villager (Male) |
| 2:37 | Create | Villager (Male) |
| 2:38 | Create | Villager (Male) |
| 2:48 | Build | House |
| 3:05 | Create | Villager (Male) |
| 3:42 | Research | Loom |
| 3:42 | Research | Loom |
| 3:43 | Create | Villager (Male) |
| 3:43 | Create | Villager (Male) |
| 3:43 | Create | Villager (Male) |
| 4:21 | Create | Fishing Ship |
| 4:27 | Build | House |
| 5:06 | Create | Villager (Male) |
| 5:17 | Create | Fishing Ship |
| 5:50 | Build | Palisade Wall |
| 6:03 | Create | Fishing Ship |
| 6:23 | Build | House |
| 6:25 | Create | Villager (Male) |
| 6:41 | Create | Fishing Ship |
| 7:04 | Create | Villager (Male) |
| 7:05 | Create | Villager (Male) |
| 7:10 | Build | House |
| 7:12 | Build | House |
| 7:26 | Create | Villager (Male) |
| 7:31 | Create | Fishing Ship |
| 7:58 | Create | Fishing Ship |
| 8:03 | Create | Villager (Male) |
| 8:15 | Build | Palisade Wall |
| 8:28 | Create | Villager (Male) |
| 8:28 | Create | Villager (Male) |
| 8:31 | Create | Fishing Ship |
| 8:31 | Create | Fishing Ship |
| 9:00 | Create | Villager (Male) |
| 9:00 | Create | Villager (Male) |
| 9:00 | Create | Villager (Male) |
| 9:21 | Create | Fishing Ship |
| 9:21 | Create | Fishing Ship |
| 9:32 | Create | Villager (Male) |
| 9:33 | Create | Villager (Male) |
| 9:48 | Build | Palisade Wall |
| 9:52 | Create | Villager (Male) |
| 9:52 | Create | Villager (Male) |
| 9:55 | Build | Lumber Camp |
| 10:00 | Create | Villager (Male) |
| 10:00 | Create | Villager (Male) |
| 10:20 | Create | Fishing Ship |
| 10:36 | Build | House |
| 10:41 | Create | Villager (Male) |
| 10:41 | Create | Villager (Male) |
| 10:42 | Create | Villager (Male) |
| 10:42 | Create | Villager (Male) |
| 10:42 | Create | Villager (Male) |
| 11:00 | Create | Fishing Ship |
| 11:26 | Build | Mill |
| 12:11 | Build | Mining Camp |
| 12:20 | Build | House |
| 12:37 | Research | Feudal Age |
| 12:52 | Create | Villager (Male) |
| 12:52 | Create | Villager (Male) |
| 13:04 | Build | Palisade Wall |
| 13:09 | Build | Palisade Wall |
| 13:30 | Build | Barracks |
| 13:35 | Build | Palisade Wall |
| 13:36 | Build | Palisade Wall |
| 13:44 | Build | House |
| 13:51 | Build | Palisade Wall |
| 14:20 | Build | Palisade Gate |
| 14:55 | Age | Feudal Age |
| 15:08 | Build | Blacksmith |
| 15:14 | Build | Market |
| 15:23 | Create | Villager (Male) |
| 15:41 | Build | Mining Camp |
| 16:10 | Research | Castle Age |
| 16:11 | Research | Castle Age |
| 16:25 | Research | Double-Bit Axe |
| 17:23 | Research | Gold Mining |
| 18:50 | Age | Castle Age |
| 19:37 | Research | Town Watch |
| 19:45 | Build | Town Center |
| 20:31 | Create | Villager (Male) |
| 20:32 | Create | Villager (Male) |
| 20:32 | Create | Villager (Male) |
| 20:32 | Create | Villager (Male) |
| 20:32 | Create | Villager (Male) |
| 20:33 | Create | Villager (Male) |
| 20:33 | Create | Villager (Male) |
| 20:33 | Create | Villager (Male) |
| 21:50 | Build | Town Center |
| 21:55 | Build | House |
| 21:56 | Build | House |
| 22:15 | Build | Dock |
| 22:30 | Research | Wheelbarrow |
| 22:50 | Build | Castle |
| 22:56 | Build | House |
| 22:56 | Build | House |
| 22:57 | Build | House |
| 22:57 | Build | House |
| 23:29 | Create | Villager (Male) |
| 23:30 | Create | Villager (Male) |
| 23:30 | Create | Villager (Male) |
| 23:30 | Create | Villager (Male) |
| 23:30 | Create | Villager (Male) |
| 23:30 | Create | Villager (Male) |
| 23:31 | Create | Villager (Male) |
| 23:31 | Create | Villager (Male) |
| 23:31 | Create | Villager (Male) |
| 23:31 | Create | Villager (Male) |
| 24:31 | Build | Town Center |
| 24:39 | Create | Woad Raider |
| 24:44 | Create | Unit 2626 |
| 25:02 | Research | Gold Shaft Mining |
| 25:12 | Create | Unit 2626 |
| 25:21 | Create | Villager (Male) |
| 25:21 | Create | Villager (Male) |
| 25:21 | Create | Villager (Male) |
| 25:22 | Create | Villager (Male) |
| 25:25 | Create | Villager (Male) |
| 25:28 | Create | Woad Raider |
| 26:00 | Create | Woad Raider |
| 26:00 | Create | Woad Raider |
| 26:01 | Create | Woad Raider |
| 26:34 | Create | Villager (Male) |
| 26:34 | Create | Villager (Male) |
| 26:34 | Create | Villager (Male) |
| 26:34 | Create | Villager (Male) |
| 26:34 | Create | Villager (Male) |
| 26:35 | Create | Villager (Male) |
| 26:35 | Create | Villager (Male) |
| 26:35 | Create | Villager (Male) |
| 26:36 | Create | Villager (Male) |
| 26:44 | Build | University |
| 26:46 | Build | House |
| 26:46 | Build | House |
| 26:47 | Build | House |
| 26:47 | Build | House |
| 26:47 | Build | House |
| 26:49 | Build | House |
| 26:54 | Build | Lumber Camp |
| 27:22 | Create | Woad Raider |
| 27:22 | Create | Woad Raider |
| 27:23 | Create | Woad Raider |
| 27:27 | Build | Siege Workshop |
| 27:39 | Create | Villager (Male) |
| 27:40 | Create | Villager (Male) |
| 27:47 | Build | Dock |
| 27:50 | Create | Unit 2626 |
Build order — OhSheeep
First 150 of 423 actions detected
| 0:03 | Build | Town Center |
| 0:31 | Build | Dock |
| 0:44 | Build | House |
| 0:45 | Build | Palisade Wall |
| 2:29 | Create | Villager (Male) |
| 2:30 | Create | Villager (Male) |
| 2:30 | Create | Villager (Male) |
| 2:30 | Create | Villager (Male) |
| 2:30 | Create | Villager (Male) |
| 3:59 | Create | Villager (Male) |
| 4:08 | Create | Fishing Ship |
| 4:09 | Create | Fishing Ship |
| 4:30 | Build | House |
| 4:39 | Create | Villager (Male) |
| 4:39 | Create | Villager (Male) |
| 5:00 | Research | Loom |
| 5:00 | Research | Loom |
| 5:30 | Create | Villager (Male) |
| 5:30 | Create | Villager (Male) |
| 5:33 | Create | Fishing Ship |
| 5:33 | Create | Fishing Ship |
| 5:55 | Create | Villager (Male) |
| 5:55 | Create | Villager (Male) |
| 6:07 | Build | House |
| 6:26 | Create | Fishing Ship |
| 6:26 | Create | Fishing Ship |
| 6:34 | Build | House |
| 6:37 | Create | Villager (Male) |
| 7:01 | Create | Villager (Male) |
| 7:02 | Create | Villager (Male) |
| 7:06 | Build | Palisade Wall |
| 7:07 | Build | Palisade Wall |
| 7:12 | Create | Villager (Male) |
| 7:12 | Create | Villager (Male) |
| 7:36 | Create | Villager (Male) |
| 7:36 | Create | Villager (Male) |
| 7:48 | Create | Villager (Male) |
| 7:49 | Create | Villager (Male) |
| 8:01 | Create | Fishing Ship |
| 8:12 | Build | Palisade Wall |
| 8:21 | Create | Villager (Male) |
| 8:21 | Create | Villager (Male) |
| 8:34 | Create | Villager (Male) |
| 8:34 | Create | Villager (Male) |
| 8:40 | Build | House |
| 8:52 | Build | House |
| 8:55 | Create | Villager (Male) |
| 9:38 | Build | Palisade Wall |
| 9:40 | Build | Palisade Wall |
| 9:47 | Create | Villager (Male) |
| 9:52 | Create | Fishing Ship |
| 9:52 | Create | Fishing Ship |
| 10:34 | Build | Settlement |
| 11:08 | Research | Feudal Age |
| 11:09 | Research | Feudal Age |
| 11:26 | Build | Dock |
| 11:31 | Create | Fishing Ship |
| 11:32 | Create | Fishing Ship |
| 12:24 | Build | Settlement |
| 13:13 | Build | Dock |
| 13:18 | Age | Feudal Age |
| 13:19 | Create | Unit 2626 ×2 |
| 13:19 | Create | Unit 2626 ×2 |
| 13:21 | Create | Villager (Male) |
| 13:21 | Create | Villager (Male) |
| 13:23 | Research | Double-Bit Axe |
| 13:33 | Create | Unit 2626 |
| 13:33 | Create | Unit 2626 |
| 13:39 | Build | Dock |
| 13:43 | Create | Villager (Male) |
| 13:53 | Create | Unit 2626 |
| 13:53 | Create | Unit 2626 |
| 13:56 | Create | Villager (Male) |
| 13:58 | Create | Villager (Male) |
| 14:01 | Create | Villager (Male) |
| 14:02 | Create | Villager (Male) |
| 14:04 | Create | Unit 2626 |
| 14:04 | Create | Unit 2626 |
| 14:15 | Build | Palisade Wall |
| 14:17 | Build | Palisade Wall |
| 14:31 | Create | Unit 2626 |
| 14:31 | Create | Unit 2626 |
| 14:49 | Create | Unit 2626 |
| 14:50 | Create | Unit 2626 |
| 15:14 | Create | Unit 2626 |
| 15:14 | Create | Unit 2626 |
| 15:43 | Create | Unit 2626 |
| 15:44 | Create | Unit 2626 |
| 15:45 | Create | Villager (Male) |
| 16:01 | Build | Blacksmith |
| 16:13 | Create | Unit 2626 |
| 16:13 | Create | Unit 2626 |
| 16:21 | Create | Villager (Male) |
| 16:24 | Build | Market |
| 16:27 | Create | Unit 2626 |
| 16:27 | Create | Unit 2626 |
| 16:43 | Create | Villager (Male) |
| 16:43 | Create | Villager (Male) |
| 16:56 | Create | Unit 2626 |
| 16:56 | Create | Unit 2626 |
| 16:57 | Create | Unit 2626 |
| 17:08 | Create | Unit 2626 |
| 17:39 | Research | Forging |
| 17:39 | Research | Forging |
| 17:39 | Create | Villager (Male) |
| 17:43 | Create | Villager (Male) |
| 17:47 | Build | House |
| 18:07 | Create | Unit 2626 ×3 |
| 18:07 | Create | Unit 2626 ×3 |
| 18:12 | Create | Villager (Male) |
| 18:13 | Create | Villager (Male) |
| 18:29 | Build | Dock |
| 18:41 | Create | Unit 2626 ×2 |
| 18:41 | Create | Unit 2626 ×2 |
| 18:42 | Create | Villager (Male) |
| 19:07 | Create | Unit 2626 |
| 19:10 | Build | House |
| 19:29 | Build | Dock |
| 19:35 | Create | Villager (Male) |
| 19:46 | Build | House |
| 19:47 | Build | House |
| 19:49 | Build | House |
| 20:24 | Research | Castle Age |
| 20:25 | Research | Castle Age |
| 20:42 | Build | Barracks |
| 20:46 | Build | House |
| 20:55 | Create | Unit 2626 ×2 |
| 20:55 | Create | Unit 2626 ×2 |
| 21:13 | Create | Unit 2626 |
| 21:13 | Create | Unit 2626 |
| 21:27 | Create | Unit 2626 |
| 21:27 | Create | Unit 2626 |
| 21:44 | Research | Horse Collar |
| 21:48 | Create | Unit 2626 |
| 21:48 | Create | Unit 2626 |
| 21:48 | Create | Unit 2626 |
| 21:48 | Create | Unit 2626 |
| 23:06 | Age | Castle Age |
| 23:09 | Research | War Galley (upgrade) |
| 23:10 | Create | Villager (Male) |
| 23:11 | Create | Villager (Male) |
| 23:16 | Build | Archery Range |
| 23:18 | Build | Archery Range |
| 23:26 | Create | Unit 2626 |
| 23:26 | Create | Unit 2626 |
| 23:50 | Create | Unit 2626 ×2 |
| 23:50 | Create | Unit 2626 ×2 |
| 23:52 | Create | Villager (Male) |
| 24:35 | Create | Transport Ship |
| 24:39 | Build | House |
Build order — lukewarmweeb
First 150 of 628 actions detected
| 0:05 | Build | Town Center |
| 0:40 | Build | Dock |
| 2:37 | Create | Villager (Male) |
| 2:38 | Create | Villager (Male) |
| 2:38 | Create | Villager (Male) |
| 2:38 | Create | Villager (Male) |
| 2:38 | Create | Villager (Male) |
| 3:14 | Create | Villager (Male) |
| 3:29 | Create | Fishing Ship |
| 3:46 | Build | House |
| 4:21 | Build | Palisade Wall |
| 4:23 | Build | Palisade Wall |
| 4:25 | Build | Palisade Wall |
| 4:36 | Create | Fishing Ship |
| 4:52 | Create | Villager (Male) |
| 5:25 | Create | Fishing Ship |
| 5:39 | Build | House |
| 5:54 | Research | Loom |
| 6:02 | Create | Villager (Male) |
| 6:12 | Create | Fishing Ship |
| 6:37 | Create | Villager (Male) |
| 6:37 | Create | Villager (Male) |
| 6:47 | Create | Villager (Male) |
| 6:58 | Create | Fishing Ship |
| 7:05 | Create | Villager (Male) |
| 7:36 | Create | Villager (Male) |
| 7:39 | Create | Fishing Ship |
| 7:49 | Build | House |
| 7:50 | Create | Villager (Male) |
| 7:50 | Create | Villager (Male) |
| 8:10 | Create | Villager (Male) |
| 8:23 | Create | Villager (Male) |
| 8:35 | Build | Outpost |
| 8:36 | Create | Villager (Male) |
| 8:43 | Create | Villager (Male) |
| 8:45 | Create | Fishing Ship |
| 9:56 | Create | Villager (Male) |
| 9:57 | Create | Fishing Ship |
| 10:06 | Build | Dock |
| 10:39 | Build | Lumber Camp |
| 10:52 | Create | Villager (Male) |
| 11:14 | Research | Feudal Age |
| 11:17 | Create | Fishing Ship |
| 11:18 | Create | Villager (Male) |
| 11:46 | Build | Mining Camp |
| 11:52 | Create | Villager (Male) |
| 12:15 | Build | Mill |
| 12:27 | Build | House |
| 13:27 | Age | Feudal Age |
| 13:32 | Build | Market |
| 13:57 | Create | Villager (Male) |
| 14:09 | Build | Blacksmith |
| 14:13 | Create | Villager (Male) |
| 14:45 | Research | Castle Age |
| 14:45 | Research | Castle Age |
| 14:52 | Create | Transport Ship |
| 15:24 | Build | Dock |
| 15:40 | Build | House |
| 16:22 | Create | Villager (Male) |
| 17:04 | Create | Villager (Male) |
| 17:25 | Age | Castle Age |
| 17:39 | Create | Villager (Male) |
| 18:08 | Build | Castle |
| 18:19 | Build | House |
| 18:26 | Create | Villager (Male) |
| 18:30 | Research | Double-Bit Axe |
| 18:31 | Create | Villager (Male) |
| 19:02 | Create | Ratha (Ranged) |
| 19:09 | Build | Lumber Camp |
| 19:38 | Build | Mining Camp |
| 19:53 | Create | Ratha (Ranged) |
| 20:11 | Create | Ratha (Ranged) |
| 20:11 | Create | Ratha (Ranged) |
| 20:35 | Create | Villager (Male) |
| 20:55 | Build | Siege Workshop |
| 21:04 | Create | Ratha (Ranged) |
| 21:04 | Create | Ratha (Ranged) |
| 21:22 | Create | Fishing Ship |
| 21:43 | Create | Mangonel |
| 21:43 | Create | Mangonel |
| 21:49 | Build | Watch Tower |
| 21:56 | Create | Villager (Male) |
| 22:02 | Create | Galley |
| 22:21 | Build | House |
| 22:23 | Create | Ratha (Ranged) |
| 22:23 | Create | Ratha (Ranged) |
| 22:43 | Build | Farm |
| 22:43 | Build | Farm |
| 22:44 | Build | Farm |
| 22:44 | Build | Farm |
| 22:45 | Build | Farm |
| 22:45 | Build | Farm |
| 22:47 | Build | Farm |
| 22:50 | Create | Villager (Male) |
| 23:27 | Build | Watch Tower |
| 23:37 | Create | Mangonel |
| 23:38 | Create | Mangonel |
| 23:38 | Create | Villager (Male) |
| 24:09 | Build | House |
| 24:11 | Create | Villager (Male) |
| 24:20 | Create | Ratha (Ranged) |
| 24:28 | Create | Villager (Male) |
| 24:28 | Create | Villager (Male) |
| 24:52 | Build | Watch Tower |
| 24:53 | Create | Villager (Male) |
| 24:54 | Create | Ratha (Ranged) |
| 25:00 | Build | House |
| 25:14 | Create | Villager (Male) |
| 25:29 | Create | Ratha (Ranged) |
| 25:30 | Create | Ratha (Ranged) |
| 25:37 | Create | Villager (Male) |
| 25:37 | Create | Villager (Male) |
| 25:42 | Build | House |
| 26:01 | Research | Fletching |
| 26:01 | Research | Fletching |
| 26:18 | Create | Villager (Male) |
| 26:18 | Create | Villager (Male) |
| 26:23 | Build | Town Center |
| 26:27 | Build | Farm |
| 26:28 | Build | Farm |
| 26:33 | Create | Demolition Raft |
| 26:35 | Create | Villager (Male) |
| 26:40 | Build | Dock |
| 26:46 | Create | Ratha (Ranged) |
| 27:03 | Create | Villager (Male) |
| 27:08 | Create | Ratha (Ranged) |
| 27:25 | Create | Ratha (Ranged) |
| 27:29 | Create | Villager (Male) |
| 27:30 | Create | Villager (Male) |
| 27:39 | Build | Town Center |
| 27:45 | Research | Gold Mining |
| 27:54 | Build | House |
| 28:08 | Create | Galley |
| 28:15 | Create | Galley |
| 28:17 | Create | Villager (Male) |
| 28:17 | Create | Villager (Male) |
| 28:18 | Create | Villager (Male) |
| 28:18 | Create | Villager (Male) |
| 28:38 | Create | Ratha (Ranged) |
| 28:39 | Create | Ratha (Ranged) |
| 28:56 | Create | Villager (Male) |
| 28:56 | Create | Villager (Male) |
| 28:57 | Create | Villager (Male) |
| 28:57 | Create | Villager (Male) |
| 29:01 | Build | House |
| 29:06 | Create | Galley |
| 29:14 | Create | Galley |
| 29:24 | Create | Villager (Male) |
| 29:24 | Create | Villager (Male) |
| 29:34 | Create | Ratha (Ranged) |
Build order — Varrus
First 150 of 975 actions detected
| 0:12 | Build | Town Center |
| 1:02 | Build | Dock |
| 1:47 | Build | House |
| 2:32 | Create | Villager (Male) |
| 2:32 | Create | Villager (Male) |
| 2:33 | Create | Villager (Male) |
| 2:33 | Create | Villager (Male) |
| 2:33 | Create | Villager (Male) |
| 2:33 | Create | Villager (Male) |
| 3:37 | Create | Fishing Ship |
| 4:07 | Create | Villager (Male) |
| 4:07 | Create | Villager (Male) |
| 4:21 | Build | House |
| 4:37 | Create | Villager (Male) |
| 4:37 | Create | Villager (Male) |
| 4:37 | Create | Villager (Male) |
| 4:59 | Create | Villager (Male) |
| 4:59 | Create | Villager (Male) |
| 4:59 | Create | Villager (Male) |
| 5:26 | Create | Villager (Male) |
| 5:26 | Create | Villager (Male) |
| 5:26 | Create | Villager (Male) |
| 5:26 | Create | Villager (Male) |
| 5:26 | Create | Villager (Male) |
| 5:29 | Create | Fishing Ship |
| 5:29 | Create | Fishing Ship |
| 5:29 | Create | Fishing Ship |
| 5:29 | Create | Fishing Ship |
| 5:29 | Create | Fishing Ship |
| 5:43 | Build | House |
| 5:57 | Create | Villager (Male) |
| 5:58 | Create | Villager (Male) |
| 5:58 | Create | Villager (Male) |
| 6:16 | Create | Villager (Male) |
| 6:16 | Create | Villager (Male) |
| 6:27 | Create | Fishing Ship |
| 6:44 | Create | Villager (Male) |
| 6:44 | Create | Villager (Male) |
| 6:44 | Create | Villager (Male) |
| 6:44 | Create | Villager (Male) |
| 6:54 | Build | House |
| 7:03 | Create | Fishing Ship |
| 7:12 | Build | House |
| 7:13 | Create | Villager (Male) |
| 7:16 | Build | House |
| 7:36 | Create | Fishing Ship |
| 7:47 | Create | Villager (Male) |
| 7:47 | Create | Villager (Male) |
| 7:47 | Create | Villager (Male) |
| 7:50 | Build | House |
| 7:56 | Build | House |
| 8:04 | Create | Villager (Male) |
| 8:20 | Create | Fishing Ship |
| 8:38 | Build | Lumber Camp |
| 8:41 | Create | Villager (Male) |
| 8:53 | Create | Villager (Male) |
| 9:02 | Create | Fishing Ship |
| 9:15 | Build | House |
| 9:17 | Build | Dock |
| 9:30 | Create | Villager (Male) |
| 9:40 | Create | Fishing Ship |
| 9:47 | Build | House |
| 9:51 | Create | Villager (Male) |
| 9:56 | Create | Fishing Ship |
| 10:01 | Create | Villager (Male) |
| 10:09 | Create | Fishing Ship |
| 10:18 | Create | Villager (Male) |
| 10:32 | Build | Mining Camp |
| 10:44 | Create | Fishing Ship |
| 10:44 | Create | Fishing Ship |
| 10:49 | Create | Villager (Male) |
| 11:13 | Create | Villager (Male) |
| 11:14 | Create | Fishing Ship |
| 11:19 | Build | House |
| 11:41 | Create | Fishing Ship |
| 11:41 | Create | Fishing Ship |
| 12:01 | Create | Villager (Male) |
| 12:03 | Build | House |
| 12:25 | Research | Feudal Age |
| 12:32 | Build | Dock |
| 12:37 | Build | House |
| 12:39 | Build | Palisade Wall |
| 12:45 | Build | Palisade Wall |
| 12:55 | Build | Mill |
| 13:25 | Create | Villager (Male) |
| 13:26 | Create | Villager (Male) |
| 13:44 | Age | Feudal Age |
| 13:48 | Create | Unit 2626 |
| 13:48 | Create | Unit 2626 |
| 13:48 | Create | Unit 2626 |
| 14:10 | Build | Market |
| 14:13 | Research | Loom |
| 14:27 | Build | Blacksmith |
| 14:28 | Build | Palisade Wall |
| 14:40 | Create | Villager (Male) |
| 14:43 | Create | Villager (Male) |
| 15:09 | Create | Villager (Male) |
| 15:12 | Create | Unit 2626 |
| 15:12 | Create | Unit 2626 |
| 15:26 | Research | Tech 906 |
| 15:27 | Research | Castle Age |
| 15:27 | Research | Castle Age |
| 15:43 | Research | Double-Bit Axe |
| 15:47 | Build | House |
| 15:48 | Build | Palisade Wall |
| 16:03 | Create | Villager (Male) |
| 16:08 | Build | House |
| 16:10 | Create | Fire Galley |
| 16:27 | Build | House |
| 16:28 | Build | House |
| 16:42 | Create | Fire Galley |
| 16:57 | Create | Fishing Ship |
| 16:57 | Create | Fishing Ship |
| 16:57 | Create | Fishing Ship |
| 17:05 | Age | Castle Age |
| 17:11 | Research | War Galley (upgrade) |
| 17:20 | Create | Fire Galley |
| 17:21 | Create | Villager (Male) |
| 17:24 | Research | Bow Saw |
| 17:35 | Create | Fire Galley |
| 17:52 | Create | Villager (Male) |
| 17:54 | Create | Villager (Male) |
| 17:54 | Create | Villager (Male) |
| 18:08 | Create | Fishing Ship |
| 18:08 | Create | Fishing Ship |
| 18:10 | Research | Gillnets |
| 18:37 | Create | Villager (Male) |
| 18:39 | Create | Fishing Ship |
| 18:44 | Build | Dock |
| 18:48 | Create | Villager (Male) |
| 18:48 | Create | Villager (Male) |
| 18:52 | Build | Town Center |
| 18:56 | Create | Villager (Male) |
| 19:05 | Build | House |
| 19:06 | Build | House |
| 19:07 | Build | Palisade Wall |
| 19:08 | Create | Villager (Male) |
| 19:08 | Create | Villager (Male) |
| 19:25 | Build | Town Center |
| 19:26 | Create | Villager (Male) |
| 19:38 | Create | Fire Galley |
| 19:38 | Create | Fire Galley |
| 19:55 | Create | Galley |
| 19:56 | Create | Galley |
| 19:56 | Create | Galley |
| 19:57 | Research | Fletching |
| 19:58 | Create | Villager (Male) |
| 19:58 | Create | Villager (Male) |
| 20:01 | Create | Villager (Male) |
| 20:03 | Build | Lumber Camp |
Match timeline
| 0:27 | Kebek · first_building Dock |
| 0:31 | OhSheeep · first_building Dock |
| 0:32 | Aleko · first_building Dock |
| 0:34 | golden canine · first_building Dock |
| 0:40 | lukewarmweeb · first_building Dock |
| 0:44 | GAX | toasty · first_building Dock |
| 0:45 | OhSheeep · wall_segment Palisade Wall x1 |
| 0:50 | GAX | toasty · wall_segment Palisade Wall x1 |
| 0:51 | GAX | toasty · wall_segment Palisade Wall x1 |
| 0:55 | Papitasx · first_building Dock |
| 1:02 | Varrus · first_building Dock |
| 4:21 | lukewarmweeb · wall_segment Palisade Wall x1 |
| 4:23 | lukewarmweeb · wall_segment Palisade Wall x1 |
| 4:25 | lukewarmweeb · wall_segment Palisade Wall x1 |
| 5:50 | Kebek · wall_segment Palisade Wall x8 |
| 7:06 | OhSheeep · wall_segment Palisade Wall x6 |
| 7:07 | OhSheeep · wall_segment Palisade Wall x5 |
| 8:12 | OhSheeep · wall_segment Palisade Wall x5 |
| 8:15 | Kebek · wall_segment Palisade Wall x7 |
| 8:22 | Aleko · wall_segment Palisade Wall x7 |
| 8:54 | GAX | toasty · wall_segment Palisade Wall x1 |
| 9:38 | OhSheeep · wall_segment Palisade Wall x1 |
| 9:40 | OhSheeep · wall_segment Palisade Wall x1 |
| 9:48 | Kebek · wall_segment Palisade Wall x6 |
| 10:10 | GAX | toasty · wall_segment Palisade Wall x4 |
| 10:13 | GAX | toasty · wall_segment Palisade Wall x3 |
| 11:42 | Papitasx · first_building Barracks |
| 11:59 | GAX | toasty · wall_segment Palisade Wall x4 |
| 12:26 | golden canine · age_up feudal |
| 12:28 | Papitasx · age_up feudal |
| 12:39 | Varrus · wall_segment Palisade Wall x1 |
| 12:45 | Varrus · wall_segment Palisade Wall x1 |
| 13:04 | Kebek · wall_segment Palisade Wall x6 |
| 13:05 | Aleko · wall_segment Palisade Wall x6 |
| 13:09 | Kebek · wall_segment Palisade Wall x1 |
| 13:10 | Aleko · wall_segment Palisade Wall x6 |
| 13:18 | OhSheeep · age_up feudal |
| 13:26 | Aleko · wall_segment Palisade Wall x3 |
| 13:27 | lukewarmweeb · age_up feudal |
| 13:28 | Aleko · wall_segment Palisade Wall x5 |
| 13:30 | Kebek · first_building Barracks |
| 13:34 | Aleko · age_up feudal |
| 13:35 | Kebek · wall_segment Palisade Wall x1 |
| 13:36 | Kebek · wall_segment Palisade Wall x1 |
| 13:44 | Varrus · age_up feudal |
| 13:51 | Kebek · wall_segment Palisade Wall x6 |
| 13:51 | GAX | toasty · age_up feudal |
| 14:15 | OhSheeep · wall_segment Palisade Wall x1 |
| 14:17 | OhSheeep · wall_segment Palisade Wall x2 |
| 14:24 | lukewarmweeb · first_market_sell 100 stone |
| 14:28 | Varrus · wall_segment Palisade Wall x1 |
| 14:55 | Kebek · age_up feudal |
| 15:48 | Varrus · wall_segment Palisade Wall x1 |
| 16:32 | lukewarmweeb · first_market_buy 100 stone |
| 16:52 | GAX | toasty · first_building Barracks |
| 16:58 | Papitasx · first_market_buy 100 food |
| 16:59 | Papitasx · first_market_sell 100 wood |
| 17:05 | Varrus · age_up castle |
| 17:09 | Papitasx · wall_segment Palisade Wall x11 |
| 17:25 | lukewarmweeb · age_up castle |
| 17:37 | Papitasx · wall_segment Palisade Wall x7 |
| 18:08 | lukewarmweeb · first_building Castle |
| 18:15 | golden canine · first_market_sell 100 wood |
| 18:34 | Aleko · age_up castle |
| 18:47 | Varrus · first_market_sell 100 food |
| 18:48 | Varrus · first_market_buy 100 wood |
| 18:50 | Kebek · age_up castle |
| 19:07 | Varrus · wall_segment Palisade Wall x3 |
| 19:32 | golden canine · first_building Barracks |
| 19:40 | Papitasx · age_up castle |
| 19:51 | Papitasx · first_building Castle |
| 20:16 | OhSheeep · first_market_sell 100 stone |
| 20:17 | OhSheeep · first_market_buy 100 food |
| 20:42 | OhSheeep · first_building Barracks |
| 20:55 | lukewarmweeb · first_building Siege Workshop |
| 21:10 | GAX | toasty · wall_segment Stone Wall x13 |
| 21:30 | golden canine · age_up castle |
| 21:41 | golden canine · first_market_buy 100 food |
| 22:07 | GAX | toasty · wall_segment Stone Wall x11 |
| 22:29 | GAX | toasty · first_market_buy 100 wood |
| 22:41 | Kebek · first_market_buy 100 stone |
| 22:44 | GAX | toasty · wall_segment Stone Wall x10 |
| 22:50 | Kebek · first_building Castle |
| 22:55 | Aleko · first_building Monastery |
| 23:06 | OhSheeep · age_up castle |
| 23:16 | OhSheeep · first_building Archery Range |
| 23:23 | Papitasx · first_building Monastery |
| 23:47 | GAX | toasty · wall_segment Stone Wall x7 |
| 23:48 | GAX | toasty · wall_segment Stone Wall x4 |
| 23:49 | GAX | toasty · wall_segment Stone Wall x1 |
| 24:06 | GAX | toasty · wall_segment Stone Wall x4 |
| 24:07 | GAX | toasty · wall_segment Stone Wall x7 |
| 25:42 | OhSheeep · first_building Siege Workshop |
| 25:56 | Aleko · first_building Castle |
| 25:58 | GAX | toasty · age_up castle |
| 26:25 | GAX | toasty · first_building Castle |
| 27:27 | Kebek · first_building Siege Workshop |
| 27:58 | GAX | toasty · first_market_sell 100 food |
| 28:46 | GAX | toasty · wall_segment Stone Wall x1 |
| 28:47 | GAX | toasty · wall_segment Stone Wall x1 |
| 29:30 | Aleko · first_building Barracks |
| 29:42 | Kebek · wall_segment Palisade Wall x2 |
| 29:45 | Kebek · wall_segment Palisade Wall x1 |
| 29:48 | Kebek · wall_segment Palisade Wall x1 |
| 29:50 | Kebek · wall_segment Palisade Wall x1 |
| 31:09 | Varrus · first_building Castle |
| 32:11 | Aleko · age_up imperial |
| 32:26 | GAX | toasty · first_building Siege Workshop |
| 33:43 | golden canine · first_building Archery Range |
| 34:01 | golden canine · first_building Castle |
| 34:26 | Varrus · wall_segment Stone Wall x12 |
| 34:32 | Aleko · first_market_sell 100 wood |
| 35:13 | lukewarmweeb · first_building Barracks |
| 35:23 | Varrus · first_building Barracks |
| 35:46 | Varrus · age_up imperial |
| 36:15 | Varrus · first_building Siege Workshop |
| 36:34 | Varrus · wall_segment Stone Wall x1 |
| 36:36 | lukewarmweeb · first_building Stable |
| 36:54 | Kebek · age_up imperial |
| 36:58 | Papitasx · age_up imperial |
| 37:44 | Varrus · first_building Archery Range |
| 37:47 | Aleko · first_building Siege Workshop |
| 38:01 | golden canine · wall_segment Stone Wall x3 |
| 38:03 | GAX | toasty · wall_segment Stone Wall x2 |
| 38:15 | GAX | toasty · wall_segment Stone Wall x3 |
| 38:17 | GAX | toasty · wall_segment Stone Wall x1 |
| 38:31 | OhSheeep · first_building Castle |
| 38:42 | GAX | toasty · wall_segment Stone Wall x1 |
| 39:34 | OhSheeep · wall_segment Stone Wall x6 |
| 40:11 | Aleko · first_building Archery Range |
| 40:25 | OhSheeep · wall_segment Stone Wall x1 |
| 40:26 | OhSheeep · wall_segment Stone Wall x3 |
| 41:33 | golden canine · age_up imperial |
| 42:23 | lukewarmweeb · first_building Archery Range |
| 43:04 | OhSheeep · wall_segment Stone Wall x1 |
| 43:05 | OhSheeep · wall_segment Stone Wall x9 |
| 43:07 | OhSheeep · wall_segment Stone Wall x8 |
| 43:09 | OhSheeep · wall_segment Stone Wall x8 |
| 43:26 | GAX | toasty · first_building Stable |
| 44:35 | GAX | toasty · age_up imperial |
| 44:46 | lukewarmweeb · age_up imperial |
| 46:10 | OhSheeep · wall_segment Stone Wall x1 |
| 46:10 | OhSheeep · wall_segment Stone Wall x1 |
| 50:45 | OhSheeep · age_up imperial |
| 53:05 | GAX | toasty · wall_segment Stone Wall x1 |
| 54:39 | Aleko · first_building Stable |
| 54:44 | GAX | toasty · wall_segment Stone Wall x1 |
| 54:57 | GAX | toasty · wall_segment Stone Wall x1 |
| 55:15 | GAX | toasty · wall_segment Stone Wall x1 |
| 55:58 | Kebek · first_market_sell 500 stone |
| 57:44 | Aleko · tribute_sent a jugador 2 |
| 57:44 | Aleko · tribute_sent a jugador 3 |
| 57:44 | Aleko · tribute_sent a jugador 4 |
| 57:44 | Aleko · tribute_sent a jugador 5 |
| 57:44 | Aleko · tribute_sent a jugador 6 |
| 57:44 | Aleko · tribute_sent a jugador 7 |
| 57:44 | Aleko · tribute_sent a jugador 8 |
| 58:41 | Varrus · tribute_sent a jugador 1 |
| 58:41 | Varrus · tribute_sent a jugador 2 |
| 58:41 | Varrus · tribute_sent a jugador 3 |
| 58:41 | Varrus · tribute_sent a jugador 4 |
| 58:41 | Varrus · tribute_sent a jugador 5 |
| 58:41 | Varrus · tribute_sent a jugador 6 |
| 58:41 | Varrus · tribute_sent a jugador 7 |
| 58:49 | Aleko · tribute_sent a jugador 2 |
| 58:49 | Aleko · tribute_sent a jugador 3 |
| 58:49 | Aleko · tribute_sent a jugador 4 |
| 58:49 | Aleko · tribute_sent a jugador 5 |
| 58:49 | Aleko · tribute_sent a jugador 6 |
| 58:49 | Aleko · tribute_sent a jugador 7 |
| 58:49 | Aleko · tribute_sent a jugador 8 |
| 59:24 | GAX | toasty · resign |
[ AI ANALYSIS · 1 CREDIT ]
What really happened in this match?
Wolo.gg analyzes every decision: build order, eco, micro, common mistakes by bracket. Personalized analysis on WhatsApp or Discord in 30 seconds.
Civ guide
Hindustanis
Perfil
Jugador #5276154